 Dungeon Crawl Stone Soup version 0.21-a0-243-g597973d (webtiles) character file.

501 RandomMack the Covert (level 6, -1/30 HPs)
             Began as a Spriggan Assassin on Sept 4, 2017.
             Was an Initiate of Ashenzari.
             Slain by an unseen horror (3 damage)
             ... on level 10 of the Dungeon.
             The game lasted 00:04:53 (855 turns).

RandomMack the Covert (Spriggan Assassin)            Turns: 855, Time: 00:04:54

Health: -1/30      AC:  3    Str:  7    XL:     6   Next: 95%
Magic:  7/7        EV: 17    Int: 13    God:    Ashenzari [......]
Gold:   60         SH:  0    Dex: 19    Spells: 5/5 levels left

rFire    . . .     SeeInvis +   a - +2 dagger (curse)
rCold    + . .     Gourm    .   (shield restricted)
rNeg     . . .     Faith    .   c - +0 robe
rPois    .         Spirit   .   (helmet restricted)
rElec    .         Reflect  .   d - +0 cloak
rCorr    +         Harm     .   (gloves unavailable)
MR       +....                  (boots unavailable)
Stlth    +++++.....             (no amulet)
HPRegen  0.10/turn              h - ring of resist corrosion
MPRegen  0.10/turn              l - ring of protection from cold {rC+, !d}

@: very quick
A: unfitting armour, see invisible, herbivore 3, speed 3, slow metabolism 2
a: Curse Item, Renounce Religion


You were on level 10 of the Dungeon.
You worshipped Ashenzari.
Ashenzari was noncommittal.
You were not hungry.

You visited 1 branch of the dungeon, and saw 10 of its levels.

You collected 60 gold pieces.

Inventory:

Hand Weapons
 a - a cursed +2 dagger (weapon)
 b - a +0 blowgun
Missiles
 e - 8 poisoned needles
 f - 2 curare-tipped needles
Armour
 c - a +0 robe (worn)
 d - a +0 cloak (worn)
Jewellery
 h - a ring of resist corrosion (left hand)
   (You found it on level 4 of the Dungeon)
 l - a ring of protection from cold (right hand) {rC+, !d}
   (You found it on level 4 of the Dungeon)
Wands
 j - a wand of paralysis (14/24)
   (You found it on level 7 of the Dungeon)
Scrolls
 i - a scroll of immolation {unknown}
 k - a scroll of teleportation
 o - a scroll of blinking {!r}
 p - a scroll of enchant weapon {unknown}
 q - a scroll of fog
 s - a scroll of fear {unknown}
Potions
 m - a potion of curing {unknown}
 n - a potion of might
 r - 2 potions of magic {unknown}
Comestibles
 g - a bread ration {@e1}


   Skills:
 - Level 1.5 Fighting
 - Level 2.1 Short Blades
 - Level 2.0 Throwing
 - Level 1.5 Dodging
 + Level 12.4 Stealth


You had 5 spell levels left.
You didn't know any spells.

Dungeon Overview and Level Annotations

Branches:
Dungeon (10/15)
 Temple: D:4-7         Lair: D:8-11         Orc: D:9-12

Altars:
Ashenzari
Cheibriados
Trog
Xom

Portals:
Sewer: D:6

Annotations:
D:3 KristoblXynda's ghost, amateur DECj


Innate Abilities, Weirdness & Mutations

You are very small and have problems with some larger weapons.
You are too small for most types of armour.
You have supernaturally acute eyesight. (SInv)
You are a herbivore.
You cover ground extremely quickly.
You need consume almost no food.


Message History

Your Stealth skill increases to level 9!
Health restored: 22 You open the large door.
A quokka comes into view.
A lava snake comes into view.
There is a large open door here.
A lava snake comes into view.
You close the large door.
There is a stone staircase leading down here.
You climb downwards.
A bullfrog comes into view.
There is a stone staircase leading up here.
A worker ant comes into view.
Found a stone staircase leading down.
The helpless bullfrog fails to defend itself.
You spit the bullfrog like a pig!!!
You kill the bullfrog!
Your Stealth skill increases to level 10!
You have reached level 5!
You feel clever.
Health restored: 25; MP restored: 6 The helpless worker ant fails to defend itself.
You stick the worker ant like a pincushion!!!
You kill the worker ant!
m - a golden potion
There is a stone staircase leading down here.
You climb downwards.
A hippogriff comes into view.
Found a bubbling yellow potion.
Found a stone staircase leading up.
There is a stone staircase leading up here.
The helpless hippogriff fails to defend itself.
You skewer the hippogriff like a kebab!!!
You kill the hippogriff!
Your Stealth skill increases to level 11!
You have reached level 6!
Your experience leads to an increase in your attributes!
Increase (S)trength, (I)ntelligence, or (D)exterity?
You feel agile.
Health restored: 30; MP restored: 7
r - a bubbling yellow potion You now have 40 gold pieces (gained 16).
r - 2 bubbling yellow potions (gained 1)
You open the door.
There is an open door here.
You open the door.
Found a stone staircase leading down.
A crimson imp comes into view.
There is an open door here.
The helpless crimson imp fails to defend itself.
You stick the crimson imp like a pincushion!!!
You kill the crimson imp!
You now have 60 gold pieces (gained 20).
q - 2 scrolls labeled ENUECI KUAZED (gained 1)
As you read the scroll labeled ENUECI KUAZED, it crumbles to dust.
The scroll dissolves into smoke.
It was a scroll of fog.
You open the door.
There is an open door here.
You open the door.
A sky beast comes into view.
There is an open door here.
Found an escape hatch in the floor.
The helpless sky beast fails to defend itself.
You skewer the sky beast like a kebab!!!
You kill the sky beast!
Your Stealth skill increases to level 12!
s - a scroll labeled OGROEREUPS
t - a scroll of remove curse Curse which item? (1 remove curse scroll left) (Esc to abort) (? for menu, Esc to quit)
Your +2 dagger glows black for a moment.
Your weapon hand is bound.
You are slightly bound.
There is an open door here.
There is an open door here.
There is a stone staircase leading down here.
You climb downwards.
You hear a splash.
There is a stone staircase leading up here.
An unseen horror comes into view.
The unseen horror completely misses you.
The unseen horror hits you!
You take 7 damage, and have 23/30 hp.
MASSIVE DAMAGE!!
The unseen horror hits you!
You take 10 damage, and have 13/30 hp.
MASSIVE DAMAGE!!
The unseen horror closely misses you. The unseen horror hits you.
* * * LOW HITPOINT WARNING * * *
You take 4 damage, and have 9/30 hp.
Unknown command.
The unseen horror hits you.
* * * LOW HITPOINT WARNING * * *
There is a stone staircase leading up here.
You take 4 damage, and have 5/30 hp.
Unknown command.
The unseen horror misses you. The unseen horror hits you.
* * * LOW HITPOINT WARNING * * *
You take 3 damage, and have 2/30 hp.
Unknown command.
You hit the unseen horror. The unseen horror hits you.
You die...

#. ##.## .... #..#
### #...## #..
#....###.#
##.##....#
.####........#
.......@..##.#
.......x.###.##
.##......###..##
##..#........###.##
#..#.######......#
##...# #....###...#
#...# #....## #
#.........##
##......#.


You could see an unseen horror (invisible).

Vanquished Creatures
  A hippogriff (D:9)
  A sky beast (D:9)
  A bullfrog (D:8)
  A crimson imp (D:9)
  A bullfrog zombie (D:7)
  3 worker ants
  An adder (D:4)
  A shadow imp (D:5)
  An orc (D:4)
  2 bats (D:3)
  2 ball pythons
  A kobold (D:3)
  A rat (D:4)
17 creatures vanquished.

Notes
Turn   | Place    | Note
-------+----------+-------------------------------------------
     0 | D:1      | RandomMack the Spriggan Assassin began the quest for the Orb.
     0 | D:1      | Reached XP level 1. HP: 10/10 MP: 2/2
    72 | D:4      | Reached skill level 6 in Stealth
    76 | D:4      | Noticed a worker ant
    82 | D:4      | Reached XP level 2. HP: 14/14 MP: 3/3
   116 | D:4      | Found a shimmering altar of Xom.
   129 | D:5      | Entered Level 5 of the Dungeon
   193 | D:3      | Noticed KristoblXynda's ghost (amateur DECj)
   330 | D:4      | Reached skill level 7 in Stealth
   330 | D:4      | Reached XP level 3. HP: 10/18 MP: 4/4
   421 | D:5      | Reached skill level 8 in Stealth
   442 | D:5      | Noticed a two-headed ogre
   464 | D:5      | Found a snail-covered altar of Cheibriados.
   465 | D:5      | Found a bloodstained altar of Trog.
   468 | D:5      | Found a shattered altar of Ashenzari.
   478 | D:5      | Reached XP level 4. HP: 18/22 MP: 5/5
   489 | D:5      | Became a worshipper of Ashenzari the Shackled
   588 | D:6      | Found a glowing drain.
   632 | D:7      | Reached skill level 9 in Stealth
   684 | D:8      | Noticed a bullfrog
   691 | D:8      | Killed a bullfrog
   691 | D:8      | Reached skill level 10 in Stealth
   691 | D:8      | Reached XP level 5. HP: 25/25 MP: 6/6
   739 | D:9      | Noticed a hippogriff
   741 | D:9      | Killed a hippogriff
   741 | D:9      | Reached skill level 11 in Stealth
   741 | D:9      | Reached XP level 6. HP: 30/30 MP: 7/7
   800 | D:9      | Noticed a sky beast
   807 | D:9      | Killed a sky beast
   807 | D:9      | Reached skill level 12 in Stealth
   835 | D:10     | Entered Level 10 of the Dungeon
   842 | D:10     | Noticed an unseen horror
   853 | D:10     | HP: 5/30 [unseen horror (4)]
   854 | D:10     | HP: 2/30 [unseen horror (3)]
   855 | D:10     | Slain by an unseen horror

Vault maps used:
D:1:      kennysheep_arrival_forest
D:2:      first_bread
D:3:      lemuel_doored_altar, serial_glass, glass_columns_a, glass_columns_b,
          glass_columns_a, grunt_ministairs_1
D:4:      xom_teletrap_fun
D:5:      gammafunk_temple_overflow_forgotten
D:6:      cheibrodos_sewer_entry_drain, uniq_prince_ribbit1, uniq_duvessa,
          uniq_edmund
D:7:      zin_purify, temple_hall, minmay_misc_feat_chi,
          kennysheep_big_empty_room
D:8:      uniq_psyche
D:9:      serial_shops, nicolae_shop_crystal
D:10:     david_orc_5, hangedman_fish_farm

Skill      XL: |  1  2  3  4  5  6 |
---------------+-------------------+-----
Stealth        | 6 7 8 10 11 12 | 12.4
Fighting       | |  1.5
Short Blades   | |  2.1
Throwing       | |  2.0
Dodging        | |  1.5

Action                   |  1- 3 |  4- 6 || total
-------------------------+-------+-------++-------
Melee: Dagger            |    28 |    12 ||    40
Invok: Curse Item        |       |     1 ||     1
  Use: Potion            |     1 |       ||     1
       Scroll            |       |     5 ||     5
 Stab: Sleeping          |     6 |     6 ||    12
Armor: Robe              |     3 |       ||     3
Dodge: Dodged            |    37 |    13 ||    50

Table legend:
 A = Spawn XP
 B = Non-spawn XP
 C = Spawn XP percentage of total XP
 D = Spawn monster count
 E = Non-spawn monster count
 F = Spawn count percentage of total count
 G = Total turns spent on level
                    A         B        C        D         E        F      G
               +---------+---------+-------+---------+---------+-------+---------
         Total |       0 |     717 |   0.0 |       0 |      17 |   0.0 |   855
               +---------+---------+-------+---------+---------+-------+---------
           D:3 |       0 |       5 |   0.0 |       0 |       3 |   0.0 |   149
           D:4 |       0 |      51 |   0.0 |       0 |       5 |   0.0 |   210
           D:5 |       0 |      47 |   0.0 |       0 |       2 |   0.0 |   175
           D:6 |       0 |       2 |   0.0 |       0 |       1 |   0.0 |    35
           D:7 |       0 |      46 |   0.0 |       0 |       1 |   0.0 |    71
           D:8 |       0 |     122 |   0.0 |       0 |       2 |   0.0 |    55
           D:9 |       0 |     444 |   0.0 |       0 |       3 |   0.0 |    96
               +---------+---------+-------+---------+---------+-------+---------

Vault maps used:
D:1:      kennysheep_arrival_forest
D:2:      first_bread
D:3:      lemuel_doored_altar, serial_glass, glass_columns_a, glass_columns_b,
          glass_columns_a, grunt_ministairs_1
D:4:      xom_teletrap_fun
D:5:      gammafunk_temple_overflow_forgotten
D:6:      cheibrodos_sewer_entry_drain, uniq_prince_ribbit1, uniq_duvessa,
          uniq_edmund
D:7:      zin_purify, temple_hall, minmay_misc_feat_chi,
          kennysheep_big_empty_room
D:8:      uniq_psyche
D:9:      serial_shops, nicolae_shop_crystal
D:10:     david_orc_5, hangedman_fish_farm

Table legend:
 A = Turns spent in this place as a percentage of turns spent in the entire game.
 B = Non-inter-level travel turns spent in this place as a percentage of non-inter-level travel turns spent in the entire game.
 C = Inter-level travel turns spent in this place as a percentage of turns spent in this place.
 D = Turns resting spent in this place as a percentage of non-inter-level travel turns spent in this place.
 E = Turns spent auto-exploring this place as a percentage of non-inter-level travel turns spent in this place.
 F = Non-inter-level travel turns spent in this place divided by the number of levels of this place that you've seen.
                   A       B       C       D       E      F
               +-------+-------+-------+-------+-------+----------------------
         Total | 100.0 | 100.0 |   1.8 |   0.0 |   9.5 |  84.0
       Dungeon | 100.0 | 100.0 |   1.8 |   0.0 |   9.5 |  84.0
               +-------+-------+-------+-------+-------+----------------------

Table legend:
 A = Kills in this place as a percentage of kills in entire the game.
 B = Kills by you in this place as a percentage of kills by you in the entire game.
 C = Kills by friends in this place as a percentage of kills by friends in the entire game.
 D = Other kills in this place as a percentage of other kills in the entire game.
 E = Experience gained in this place as a percentage of experience gained in the entire game.
 F = Experience gained in this place divided by the number of levels of this place that you have seen.
                   A       B       C       D       E      F
               +-------+-------+-------+-------+-------+----------------------
         Total | 100.0 | 100.0 |   N/A |   N/A | 100.0 |  71.7
       Dungeon | 100.0 | 100.0 |   N/A |   N/A | 100.0 |  71.7
               +-------+-------+-------+-------+-------+----------------------
